[Event "Svetozar Gligoric Masters 2022"]
[Site "Belgrade"]
[Date "2022.07.19"]
[Round "4.14"]
[White "Ristic, Luka"]
[Black "Alexakis, Dimitris"]
[Result "1-0"]
[ECO "B13"]
[WhiteElo "2243"]
[BlackElo "2484"]
[Annotator "TA"]
[PlyCount "135"]
[EventDate "2022.07.18"]
[EventCountry "SRB"]
[SourceTitle "playchess.com"]
[Source "ChessBase"]
[SourceQuality "1"]
[TimeControl "40/5400+30:900+30"]

1. d4 d5 2. Bf4 c5 3. e3 cxd4 4. exd4 Nc6 5. c3 Bf5 6. Nd2 {B13: Caro-Kann: Exchange Variation and Panov-Botvinnik Attack.} e6 7. Qb3 Qd7 8. Ngf3 {The position is equal.} f6 9. Be2 g5 10. Be3 Nge7 {[#]} 11. Qd1 $146 ({Predecessor:} 11. Nf1 h5 12. h4 g4 13. N3d2 Bg6 14. Bf4 Nf5 15. Ne3 Rh7 16. Nxf5 Bxf5 17. Nf1 {0-1 (31) Sukandar,I (2393)-Kvon,A (2509) Adelaide 2018}) 11... Bg6 12. Nb3 Nf5 13. Bd3 h5 14. h3 Qh7 15. Qe2 Nd6 16. Bxg6+ Qxg6 17. Nc5 Kf7 18. b4 (18. O-O-O $11) 18... b6 $17 19. Nd7 {[#]} (19. Nd3 $17) 19... Kg8 $2 (19... Bg7 $1 $19 {Strongly threatening ...Rad8.} 20. b5 Na5 21. Bxg5 Nac4) 20. Qa6 Rd8 21. Nc5 (21. Nxf8 $17 Rxf8 22. h4) 21... Nb8 (21... bxc5 22. Qxc6 cxb4 23. cxb4 $17) (21... Nc4 $19 {is more deadly. ...Nb8 is the strong threat.} 22. Qb5 Qe8) 22. Qd3 Qxd3 23. Nxd3 Rc8 24. Bd2 Ne4 25. h4 g4 (25... Nxc3 26. Rc1 e5 27. dxe5 $16 (27. Rxc3 Rxc3 28. Bxc3 e4 $14) (27. Bxc3 e4 $11)) 26. Ng1 Na6 (26... Nxc3 $2 27. Rc1 $18) (26... Nc6 $17) 27. Ne2 $11 Nc7 28. a4 $1 {Against Nb5} Ne8 29. f3 (29. a5 $11) 29... Nxd2 $15 30. Kxd2 Nd6 31. Kc2 Nc4 ({Black should play} 31... gxf3 $15 32. gxf3 Kf7) 32. Nef4 $11 Kf7 33. Rae1 {[%cal Ba1e1,Be1e2,Be2e7][%mdl 32] Against e5} Rc6 34. Re2 {Threatens to win with Rhe1.} Bg7 (34... Bh6 $11 {keeps the balance.}) 35. Rhe1 $16 e5 36. Nxd5 (36. dxe5 $6 fxe5 37. Nxd5 Rd6 $14) 36... Rd8 (36... gxf3 $16 37. gxf3 Rd6) 37. b5 $18 Rcd6 38. N5b4 {Pair of Knights!} exd4 39. Re7+ Kf8 40. Nc6 {Really sharp!} Ne3+ 41. R7xe3 {0x0.0019885b40eedp-1022s more active pieces.} Rxc6 (41... dxe3 $16 {might work better.} 42. Nxd8 gxf3) 42. bxc6 dxe3 43. Rxe3 $16 {[%mdl 4096] Endgame KRB-KRN} Rc8 44. Re6 {And now fxg4 would win.} ({Don't do} 44. fxg4 hxg4 45. Re6 Kf7) 44... gxf3 45. gxf3 {Black must now prevent f4.} Kf7 46. Rd6 Bf8 47. Rd7+ Ke6 48. Rxa7 Rxc6 49. Nf4+ Kf5 50. Nxh5 Bb4 51. Ng3+ Kf4 {[#]} 52. Ne2+ (52. Kb3 $1 $18 Bc5 53. Rg7) 52... Ke3 $14 53. Kb3 (53. Kb2 $5 Bc5 54. Nd4 Bxd4 55. cxd4 $16) 53... Ba5 $2 (53... Bc5 $1 $14 54. Nd4 Bxd4 55. cxd4 Kxd4) 54. Re7+ $18 Kf2 55. f4 f5 (55... Rc5 {keeps fighting.} 56. Re6 Rh5) 56. Re5 Rh6 57. Nd4 Rxh4 58. Rxf5 Rh3 59. Nb5 Rf3 (59... Kg3 {was necessary.} 60. Kc4 Rh8) 60. Kc4 Kg3 61. Rf8 Rxf4+ $2 (61... Kg4 $18 62. f5 Kg5) 62. Rxf4 {White mates.} Kxf4 {KB-KN} 63. Nd4 Ke4 64. Nb3 b5+ 65. axb5 Bb6 66. Nc5+ Ke3 67. Nd7 Bd8 68. b6 {White used his chance.  Weighted Error Value: White=0.25 (precise) /Black=0.33} 1-0

[Event "Svetozar Gligoric Masters 2022"]
[Site "Belgrade"]
[Date "2022.07.19"]
[Round "4.15"]
[White "Atalik, Suat"]
[Black "Arpita, Mukherjee"]
[Result "1-0"]
[ECO "E62"]
[WhiteElo "2446"]
[BlackElo "2281"]
[Annotator "TA"]
[PlyCount "93"]
[EventDate "2022.07.18"]
[EventCountry "SRB"]
[SourceTitle "playchess.com"]
[Source "ChessBase"]
[SourceQuality "1"]
[TimeControl "40/5400+30:900+30"]

1. d4 Nf6 2. c4 g6 3. g3 Bg7 4. Bg2 d6 5. Nc3 O-O 6. Nf3 Nc6 7. h3 e5 8. Be3 {E62: King's Indian: Fianchetto: 6...c6 and Panno Variation (6...Nc6) without ...a6.} (8. d5 $5 e4 9. dxc6 exf3 10. Bxf3 bxc6 11. Bxc6 $11) 8... exd4 9. Nxd4 Ne5 10. b3 {White is slightly better.} a6 11. Qd2 Rb8 {[#]} 12. Rd1 $146 ({Predecessor:} 12. Bh6 c5 13. Bxg7 Kxg7 14. Nc2 Be6 15. Rd1 Qa5 16. Ne3 b5 17. f4 Ned7 18. f5 gxf5 {0-1 (31) Wassin,S (2289)-Jandric,D (2212) Ohrid 2017}) 12... Bd7 13. Bg5 Qe8 ({Black should play} 13... Re8 $14) 14. O-O $16 b5 15. Nd5 Nxd5 16. cxd5 f6 (16... c5 $16 {is a better defense.}) 17. Be3 $18 Nf7 18. Rc1 Rc8 19. f4 {Inhibits Ng5.} f5 20. Bf2 Nd8 (20... Qe7 $142 21. Rc2 Rfe8) 21. Rfe1 Qf7 (21... Rf7 $142 22. Rc2 Nb7) 22. Rc2 Bxd4 23. Qxd4 Be8 24. Rec1 Qd7 25. Qa7 Rf7 26. Qxa6 Rb8 27. Qa5 $2 (27. Rxc7 Kf8 28. Rxd7 Rxd7 29. Bb6) 27... Rb7 28. Qb4 Re7 29. Qd4 b4 30. Bf3 Rf7 31. Rc4 Qb5 32. Be1 Qa6 33. R1c2 Bb5 34. Rxb4 c5 35. dxc6 $1 Nxc6 {[#]} 36. Rxc6 $1 Bxc6 37. Bc3 Qa7 38. Qxa7 Rxa7 39. Bxc6 {Strongly threatening Rb8+. A strong pair of Bishops.} Rfc7 40. Bd5+ Kf8 41. Bf6 {[#] Threatening mate with Rb8+.} Rc8 {Against Rb8} 42. a4 Re8 43. Kf2 Rc7 44. Rc4 Ra7 45. b4 Rxa4 46. Rc7 Rb8 47. Rxh7 {Weighted Error Value: White=0.27 (precise) /Black=0.45} 1-0

[Event "Svetozar Gligoric Masters 2022"]
[Site "Belgrade"]
[Date "2022.07.19"]
[Round "4.16"]
[White "Srija, Seshadri"]
[Black "Samant Aditya S"]
[Result "0-1"]
[ECO "B89"]
[WhiteElo "2208"]
[BlackElo "2431"]
[Annotator "TA"]
[PlyCount "76"]
[EventDate "2022.07.18"]
[EventCountry "SRB"]
[SourceTitle "playchess.com"]
[Source "ChessBase"]
[SourceQuality "1"]
[TimeControl "40/5400+30:900+30"]

1. e4 c5 2. Nf3 d6 3. d4 cxd4 4. Nxd4 Nf6 5. Nc3 Nc6 6. Bc4 e6 7. Be3 a6 8. Qe2 Bd7 {8...Be7 is becoming the main line.} 9. f4 {B89: Sicilian: Velimirovic Attack.} b5 10. Bd3 Be7 {[#]} 11. Qf3 $146 {[%cal Oe4e5] The position is equal.} ({Predecessor:} 11. O-O Qc7 12. a4 b4 13. Nb1 Nxd4 14. Bxd4 e5 15. fxe5 dxe5 16. Bf2 Ng4 17. Kh1 Nxf2+ 18. Qxf2 {0-1 (47) Daels,M (2186)-Van der Weide,K (2400) Bethune 2002}) 11... Rc8 12. a4 b4 13. Nce2 a5 14. Nb5 O-O 15. g4 (15. O-O $11 {keeps the balance.}) 15... e5 $1 $17 {[%cal Be6e5,Be5d4][%mdl 32] aiming for ...exf4.} 16. f5 d5 $1 17. Rg1 $2 (17. exd5 $2 e4 18. Bxe4 Ne5 $19) (17. O-O $15) 17... dxe4 $19 (17... Nxe4 18. Bxe4 dxe4 19. Qxe4 $17) 18. Bxe4 Nxe4 19. Qxe4 Nd4 20. Bxd4 exd4 21. O-O-O Bg5+ 22. Kb1 Re8 23. Qg2 Bc6 24. Qf1 Be4 25. Nexd4 b3 26. Ka1 bxc2 27. Nxc2 Qe7 ({Of course not} 27... Rxc2 $6 28. Rxd8 Rxd8 29. Nc3 $11) 28. Nca3 Bf6 {[%mdl 1024] Hoping for ...Qb4. Black has strong compensation. Black is more active.} 29. Nd6 $2 (29. g5 $17 {was the only chance.} Be5 30. Nc4) 29... Red8 (29... Qe5 30. Qb5 Rb8 31. Qxe5 (31. Nxe8 Rxb5 32. Nxf6+ gxf6 $14) 31... Rxe5 32. g5 $16) 30. Nac4 Rb8 {And now ...Rb4 would win.} 31. Qf4 Bc2 {White must now prevent ...Rb4. This bishop pair is nice.} 32. Rd2 {[#]} Bg5 $1 {[%mdl 64] Skewer} 33. f6 {[#]} gxf6 34. Nf5 {[#]} Qc5 $40 {[%mdl 128] Black is out for blood. Chess con chili.} ({Not} 34... Bxf4 35. Nxe7+ Kf8 36. Rxc2 $16) (34... Qe8 $1 $19 {and Black stays clearly on top.} 35. Rxd8 Rxd8) 35. Rxd8+ $4 (35. Qf2 $17 Qxc4 36. Rxc2 Qxa4+ 37. Kb1) 35... Rxd8 36. Qf1 Bd3 37. Qd1 Qxc4 38. h4 Bf4 {Weighted Error Value: White=0.97/Black=0.14 (very precise)} 0-1

[Event "Svetozar Gligoric Masters 2022"]
[Site "Belgrade"]
[Date "2022.07.19"]
[Round "4.17"]
[White "Petrovic, Aleksa"]
[Black "Damjanovic, Vuk"]
[Result "1-0"]
[ECO "A53"]
[WhiteElo "2230"]
[BlackElo "2393"]
[Annotator "TA"]
[PlyCount "119"]
[EventDate "2022.07.18"]
[EventCountry "SRB"]
[SourceTitle "playchess.com"]
[Source "ChessBase"]
[SourceQuality "1"]
[TimeControl "40/5400+30:900+30"]

1. d4 Nf6 2. c4 d6 3. Nc3 e5 4. dxe5 dxe5 5. Qxd8+ Kxd8 6. Nf3 Nc6 7. Ng5 {A53: Old Indian Defence without Nf3.} Ke8 8. Nb5 Bb4+ 9. Bd2 {Black is slightly better.} Bxd2+ 10. Kxd2 {[#]} h6 $146 {...Ke7 is the strong threat.} ({Predecessor:} 10... Ke7 11. Nxc7 Rd8+ 12. Ke1 Rb8 13. Rd1 Nd4 14. Rd2 Bf5 15. e3 Nc2+ 16. Ke2 Nb4 {0-1 (34) Berkley,S (1668)-Cehajic,M (1946) IECC email 2002}) 11. Nxc7+ Kd8 12. Nxf7+ Kxc7 13. Nxh8 {Hoping for f3.} Bf5 $1 14. Nf7 {Against Rd8+} Rf8 {[#]} 15. Nxe5 $1 Nxe5 16. Ke1 Nc6 17. f3 Nb4 {White must now prevent ...Nc2+.} 18. e4 Bxe4 19. fxe4 Nc2+ 20. Kd2 Nxa1 21. Bd3 Ng4 22. Rxa1 $11 {[%mdl 4096] Endgame KRB-KRN} Rf2+ $1 23. Kc3 {And now Rf1 would win.} Rxg2 24. Rf1 {Threatens to win with Rf7+.} Ne5 {Prevents Rf7+.} 25. Rf5 Kd6 (25... Nxd3 $11 {and Black has nothing to worry.} 26. Rf7+ Kc6 27. Kxd3 Rxb2) 26. c5+ $1 $18 Ke6 27. Bc2 {aiming for Bb3+.} Nd7 28. b4 $1 {Strongly threatening Bb3+.} Ke7 29. Bb3 Nf6 30. Bd5 b6 31. Bb7 (31. Re5+ $18 Kd8 32. cxb6 axb6 33. a4) 31... Rxh2 $16 32. e5 Rh3+ 33. Kc4 (33. Kb2 $16 Ng4 34. c6 Rh2+ 35. Kc3) 33... Rh4+ $2 {[%mdl 8192] This costs Black the game.} (33... Ng4 $1 $14 34. Kd4 bxc5+ 35. bxc5 Rh2) 34. Kb5 $18 Ne8 35. cxb6 axb6 36. a3 ({Stronger than} 36. Kxb6 Rxb4+ 37. Kc6 g5 $11) 36... Rh3 $2 (36... Nc7+ 37. Kxb6 Ne6) 37. Kxb6 Rxa3 38. Bd5 Re3 39. b5 (39. Rf7+ $142 Kd8 40. Bc6 Rb3 41. Rd7+ Kc8 42. b5 Nc7 43. Rxc7+ Kd8 44. e6) 39... Kd8 40. Rf7 (40. Rf8 $142 Rxe5 41. Bc6 (41. Kc6 Re1 $16)) 40... Rxe5 {[#]} 41. Bc6 $1 {Threatening mate with Rd7+.} Nf6 {Prevents Rd7+.} 42. Rxg7 Re6 43. Kb7 h5 44. Rc7 h4 45. Rc8+ Ke7 46. Rh8 Kd6 47. Rxh4 Kc5 {[#] Prevents Rc4+.} 48. Rh1 $1 Re7+ 49. Ka6 Rc7 50. Rf1 Rf7 51. Rc1+ Kd6 52. b6 Ng4 53. b7 Rf8 {[#]} 54. Be8 $1 Rxe8 {KRN-KR} 55. Rc8 Re6 56. b8=Q+ {White mates.} Kd7+ 57. Ka7 Re7 58. Ka8 Ke6 59. Rc6+ Kf5 60. Qf8+ {Weighted Error Value: White=0.28 (precise) /Black=0.73} 1-0

[Event "Svetozar Gligoric Masters 2022"]
[Site "Belgrade"]
[Date "2022.07.19"]
[Round "4.18"]
[White "Stamatiou, Rodolfos"]
[Black "Tisaj, Domen"]
[Result "0-1"]
[ECO "B53"]
[WhiteElo "2189"]
[BlackElo "2355"]
[Annotator "TA"]
[PlyCount "120"]
[EventDate "2022.07.18"]
[EventCountry "SRB"]
[SourceTitle "playchess.com"]
[Source "ChessBase"]
[SourceQuality "1"]
[TimeControl "40/5400+30:900+30"]

1. e4 c5 2. Nf3 d6 3. d4 cxd4 4. Qxd4 Nc6 5. Qe3 g6 6. c4 {B53: Sicilian: 2...d6: Lines with Qxd4.} Bg7 7. Be2 Nf6 (7... Qb6 {looks sharper.} 8. Qd2 Bg4 9. O-O Rc8) 8. O-O {The position is equal.} O-O 9. h3 Be6 (9... Nd7 $15) 10. Nc3 Qb6 11. Rd1 Nd7 12. Nd5 Qxe3 13. Bxe3 Rfc8 {[#] Against Nc7} 14. Rac1 $146 ({Predecessor:} 14. Rab1 Nc5 15. Ng5 h6 16. b4 Na4 17. b5 Bxd5 18. exd5 Ne5 19. Ne4 Nxc4 20. Bd4 {0-1 (37) Gracia Alvarez,G (2237)-Preotu,R (2473) Chess.com INT 2021}) 14... Nc5 15. Bxc5 dxc5 16. b3 Bh6 17. Rb1 Rab8 18. Ne1 (18. a3 $5 ) 18... Kf8 19. Nc2 b6 20. f4 Rd8 21. g4 Bc8 22. g5 Bg7 23. Kg2 e5 24. Rf1 exf4 25. Rxf4 Be5 {This bishop pair is nice.} 26. Rf2 Kg7 27. Rbf1 Be6 28. Bg4 Rb7 29. Be2 (29. Ne1 $11) 29... Rh8 $15 30. Nce3 Bd4 {White is now going downhill.} 31. Rf3 h6 32. gxh6+ Rxh6 {aiming for ...Rh4.} 33. Ng4 ({White should play} 33. Rg3 $15) 33... Rh4 $17 34. Rg3 {[#]} Rb8 $1 35. Nf4 Bd7 36. Nd5 Rbh8 37. Rgf3 Nd8 38. Rg3 Ne6 {White must now prevent ...Ng5.} 39. Ngf6 Bc6 40. Bg4 Ng5 41. Bf3 (41. Bf5 {keeps fighting.}) 41... Bxf6 {Dancing on a razor blade.} 42. Nxf6 Nxf3 ({And not} 42... Nxe4 43. Nxe4 Bxe4 44. Bxe4 Rxe4 45. Rd3 $17) ({Stronger than} 42... Bxe4 43. Rxg5 Kxf6 44. Rg4 Bxf3+ 45. Rxf3+ Ke7 46. Re3+ Kd7 47. Rd3+ Kc8 48. Re3 $17) ({Don't go for} 42... Rxh3 $2 43. Nd5 Rh2+ 44. Kg1 Nxf3+ 45. Rgxf3 Rh1+ 46. Kf2 $19) 43. Rgxf3 Rxe4 44. Nxe4 Bxe4 45. Kg3 Bxf3 46. Rxf3 $19 {[%mdl 4096] Endgame KR-KR} Rd8 {Inhibits Rd3.} 47. Rf2 $2 (47. Re3) 47... Rd3+ 48. Kg2 f5 49. Rb2 Kf6 {Black is clearly winning.} 50. Re2 Kg5 {And now ...Kh4 would win.} 51. Rf2 Re3 52. Rd2 Kf4 53. Rf2+ Ke4 54. Rd2 g5 55. Kh2 Kf3 {[#] ...Re2+ is the strong threat.} 56. Rd5 Re2+ 57. Kg1 Kf4 58. Rd7 Rxa2 59. Rg7 Ra3 60. Kg2 a5 {Weighted Error Value: White=0.38/Black=0.07 (flawless)} 0-1

[Event "Svetozar Gligoric Masters 2022"]
[Site "Belgrade"]
[Date "2022.07.19"]
[Round "4.20"]
[White "Granovskiy, Alexandr"]
[Black "Spasic, Petar"]
[Result "1-0"]
[ECO "E60"]
[WhiteElo "2177"]
[BlackElo "2336"]
[Annotator "TA"]
[PlyCount "59"]
[EventDate "2022.07.18"]
[EventCountry "SRB"]
[SourceTitle "playchess.com"]
[Source "ChessBase"]
[SourceQuality "1"]
[TimeControl "40/5400+30:900+30"]

1. d4 Nf6 2. c4 g6 3. h4 Bg7 4. Nc3 d6 5. e4 Nc6 6. d5 {E60: King's Indian: Unusual lines and Fianchetto Variation without Nc3.} Ne5 7. Nf3 {[#]} Nxf3+ $146 ({Predecessor:} 7... Bg4 8. Be2 Bxf3 9. gxf3 e6 10. f4 Ned7 11. dxe6 fxe6 12. h5 Qe7 13. h6 Bf8 {1-0 (29) Repka,C (2508)-Ali Marandi,C (2524) Saint Louis 2022}) 8. Qxf3 {The position is equal.} O-O 9. Bg5 Ng4 (9... h6 $5 10. Bd2 c6 $11) 10. Qe2 h6 11. Bd2 f5 12. f3 Ne5 13. O-O-O f4 ({Better is} 13... c6 $1 $15) 14. Qf2 c5 15. Be2 h5 16. g3 Bh6 {[#]} (16... fxg3 $14 17. Qxg3 Bd7) 17. Qh2 $1 $36 {[%cal Rg3f4][%mdl 2048] White is really pushing.} fxg3 18. Qxg3 Bg7 (18... Bxd2+ $16 {was necessary.} 19. Kxd2 Bd7) 19. Rdg1 $18 a6 {[#]} (19... Qe8 $16 20. Rg2 Rb8) 20. Nd1 $1 {aiming for f4.} (20. Bf4 Rf6 $14) 20... b5 (20... Qe8 $142 21. f4 Bg4) 21. f4 ({Worse is} 21. cxb5 axb5 22. Bc3 Qe8 $11) ({Stronger than} 21. Bf4 Qe8 $11) 21... Ng4 22. Bxg4 Bxg4 23. Nf2 Bd4 $2 (23... Qc8 24. Nxg4 hxg4) 24. Nxg4 hxg4 25. Qxg4 Rf6 26. h5 bxc4 {[#]} 27. hxg6 $1 {White mates.} Qb6 (27... Bxb2+ 28. Kxb2) 28. b3 c3 {[#]} 29. g7 $1 cxd2+ 30. Kd1 {Weighted Error Value: White=0.08 (flawless) /Black=0.55} 1-0

[Event "Svetozar Gligoric Masters 2022"]
[Site "Belgrade"]
[Date "2022.07.19"]
[Round "4.21"]
[White "Lu, Miaoyi"]
[Black "Baasansuren, Erdene"]
[Result "0-1"]
[ECO "B95"]
[WhiteElo "2322"]
[BlackElo "2243"]
[Annotator "TA"]
[PlyCount "80"]
[EventDate "2022.07.18"]
[EventCountry "SRB"]
[SourceTitle "playchess.com"]
[Source "ChessBase"]
[SourceQuality "1"]
[TimeControl "40/5400+30:900+30"]

1. e4 c5 2. Nf3 d6 3. d4 cxd4 4. Nxd4 Nf6 5. Nc3 a6 6. Bg5 e6 7. Qf3 Be7 8. O-O-O Nbd7 9. g4 {B95: Sicilian Najdorf: 6 Bg5 e6, unusual White 7th moves.} h6 10. Bd2 Qb6 {[#]} (10... Qc7 $5 ) 11. Be3 $146 {[%cal Od4e6] aiming for Nxe6! White is slightly better.} ({Predecessor:} 11. Be1 Ne5 12. Qe2 g5 13. h4 Rg8 14. hxg5 hxg5 15. f3 Bd7 16. Bf2 Qc7 17. Qe3 {½-½ (78) Cao,S (2346)-Tran,T (2348) Hanoi 2020}) 11... Ne5 12. Qg3 Nexg4 13. Nxe6 $1 Nxe3 14. Nxg7+ Kf8 15. fxe3 {Threatens to win with Rg1.} Rg8 16. Rg1 {Black must now prevent Nd5.} Bg4 17. h3 $1 Rxg7 18. hxg4 Rxg4 19. Qf2 Nxe4 20. Nxe4 Rxe4 21. Rd4 Bh4 22. Rg8+ {[%mdl 64] Decoy} Kxg8 23. Qg1+ (23. Qg2+ $11 {and White has nothing to worry.} Bg5 24. Qxe4) 23... Bg5 $1 $19 24. Rxe4 {[#]} d5 $1 $36 {[%mdl 2048] Black is in control.} 25. Rg4 Kf8 26. Rg3 (26. Kb1 $17) 26... d4 27. Kb1 dxe3 28. Bc4 Rd8 {Strongly threatening ...Rd2.} 29. a3 $2 (29. Bd3) 29... Bf6 $2 (29... Rd2 $19 {has better winning chances.} 30. Rf3 Qd4) 30. Bb3 $17 Qd4 (30... Rd7 $17 {And now ...Bg5 would win.} 31. Qxe3 Qxe3 32. Rxe3 h5) 31. c3 $1 $11 Qb6 32. Ka2 (32. Rg8+ $1 $11 Ke7 33. Rxd8 Kxd8 34. Qg8+ Kc7 35. Qxf7+ Kb8 36. Kc2) 32... Bg5 $17 33. Qf1 (33. Rf3 $17 f6 34. Qb1) 33... Rd7 $19 34. Rf3 {[%cal Rf3f7] [#]} Qg6 ({But not} 34... Qc7 $2 35. Rf5) 35. Qh3 $2 (35. Qe2 {is a better chance.}) 35... Re7 {Hoping for ...e2. Black is clearly winning.} 36. Qf1 e2 37. Qe1 {[#]} Bh4 $1 38. Qxh4 (38. Bxf7 Qe4) 38... e1=Q {[%csl Ge1][%cal Rg6b1] Active counter play!} 39. Rxf7+ Qxf7 ({Worse is} 39... Rxf7 40. Qxe1 Re7 41. Qf2+ Ke8 42. Bd5 $15) 40. Qxh6+ Qg7 {Weighted Error Value: White=0.61/Black=0.27 (precise)} 0-1

[Event "Svetozar Gligoric Masters 2022"]
[Site "Belgrade"]
[Date "2022.07.19"]
[Round "4.22"]
[White "Teo, Hong Ming"]
[Black "Yordanov, Lachezar"]
[Result "0-1"]
[ECO "E51"]
[WhiteElo "1898"]
[BlackElo "2316"]
[Annotator "TA"]
[PlyCount "66"]
[EventDate "2022.07.18"]
[EventCountry "SRB"]
[SourceTitle "playchess.com"]
[Source "ChessBase"]
[SourceQuality "1"]
[TimeControl "40/5400+30:900+30"]

1. d4 Nf6 2. c4 e6 3. Nf3 d5 4. Nc3 Bb4 5. e3 O-O 6. Bd2 b6 7. cxd5 exd5 8. Rc1 {E51: Nimzo-Indian: Rubinstein: 4...0-0 5 Nf3 d5.} Bb7 9. Bd3 Re8 10. Nb5 {[#] White is slightly better.} Bxd2+ $146 ({Predecessor:} 10... Na6 11. O-O Bf8 12. Ne5 c5 13. Bb1 Nc7 14. Nc3 Ne6 15. Nf3 Rc8 16. Bf5 g6 {1-0 (55) Andreikin,D (2729)-Sadhwani,R (2619) Chess.com INT 2022}) 11. Qxd2 c6 12. Nc3 Nbd7 13. O-O Qe7 14. a3 c5 15. dxc5 bxc5 16. Rfe1 Nf8 17. Na4 Ne6 18. b4 c4 19. Bb1 ({Better is} 19. Bc2 $11) 19... a5 $1 $15 {[#] Threatens to win with ...axb4.} 20. Nb2 axb4 21. axb4 Ra3 22. e4 $2 (22. Nd1 $17 {is more resistant.}) 22... Nxe4 $19 23. Bxe4 dxe4 24. Nxc4 Rd3 ({Worse is} 24... exf3 25. Nxa3 fxg2 26. Nc2 $15) 25. Qc2 Qxb4 $2 ({Not} 25... exf3 26. Qxd3 fxg2 27. Na5 $16) (25... Rxf3 $19 26. gxf3 Nf4) 26. Rb1 {[#]} Qe7 {Black is more active.} 27. Nfe5 Rdd8 28. Na5 (28. Qb2 $17 Ba8 29. Red1) 28... Nd4 29. Qc4 Ba8 (29... Qxe5 $19 30. Nxb7 Rd5) 30. Nec6 Nxc6 31. Nxc6 Qc7 32. Rec1 $2 (32. Rbc1 $17 {was the crucial defense.} Rc8 33. Ne5) 32... Bxc6 33. Rf1 Rc8 {Weighted Error Value: White=0.73/Black=0.24 (precise)} 0-1

[Event "Svetozar Gligoric Masters 2022"]
[Site "Belgrade"]
[Date "2022.07.20"]
[Round "5.1"]
[White "Rohith Krishna S"]
[Black "Predke, Alexandr"]
[Result "0-1"]
[ECO "D35"]
[WhiteElo "2326"]
[BlackElo "2688"]
[Annotator "TA"]
[PlyCount "102"]
[EventDate "2022.07.18"]
[EventCountry "SRB"]
[SourceTitle "playchess.com"]
[Source "ChessBase"]
[SourceQuality "1"]
[TimeControl "40/5400+30:900+30"]

1. d4 Nf6 2. c4 e6 3. Nc3 d5 4. cxd5 exd5 5. Bg5 c6 6. e3 h6 7. Bh4 Be7 8. Bd3 O-O 9. Nf3 Ne4 {Hoping for ...Nxc3.} 10. Bxe7 {D35: Queen's Gambit Declined: Exchange Variation.} Qxe7 11. Qc2 Nd6 12. O-O {The position is equal.} Be6 13. b4 Nd7 {[#]} 14. Nd2 $146 ({Predecessor:} 14. Na4 a5 15. a3 Ra7 16. Ra2 Rfa8 17. Rfa1 b5 18. Nc5 Nc4 19. h3 Nxc5 20. bxc5 Qf6 21. Nd2 Rb8 22. Rb1 Rab7 23. Bh7+ Kf8 24. Bd3 g6 25. Rd1 {½-½ (25) Bendana Aragon,J (2325)-Cuevas Araya,W (2227) ICCF email 2012}) 14... Rac8 15. Ne2 g5 16. Rfe1 f5 17. f3 Kh8 18. Nb3 b6 19. Rac1 Nc4 20. Qc3 Nf6 21. Ng3 Qd7 22. Nd2 Nd6 23. Ba6 Rc7 24. a4 f4 25. Ne2 Nh5 26. b5 $1 fxe3 27. Qxe3 ({White should play} 27. Nf1 $14) 27... Ng7 $11 28. bxc6 Rxc6 29. Nc3 Bg8 30. Nf1 ({Wrong is} 30. Qe5 $2 Rxc3 31. Rxc3 Re8 $19) 30... Ndf5 (30... Ne6 {feels hotter.} 31. Ng3 Nf4 32. Qe5+ Qg7) 31. Qd2 {Bb5 is the strong threat.} Re6 32. Nb5 Rxe1 33. Qxe1 Re8 34. Qd2 Ne6 35. Ng3 Nh4 {aiming for ...Nf4.} 36. Ne2 {Inhibits Nf4.} Qg7 37. Rc3 $2 {[#]} (37. Bc8 $11) 37... Nf4 $1 $36 {[%mdl 2048] Black is on the roll.} 38. Nd6 $2 {This costs White the game.} (38. Nc7 $17 {might work better.} Re7 39. g3 (39. Nxf4 $2 gxf4 40. Nxd5 Bxd5 $19)) 38... Re6 $19 39. g3 Rxd6 40. Nxf4 gxf4 41. Qxf4 {[#]} Nf5 42. Rd3 (42. Qe5 Qf6) 42... Rf6 {[%cal Of5g3] White must now prevent ...Nxg3!} 43. Kf2 Nd6 44. Qe5 Nc4 45. Qe8 (45. Bxc4 $142 dxc4 46. Rc3) 45... Re6 46. Qd8 Qg6 47. Rc3 Qb1 {Black mates.} 48. Bxc4 Qb2+ 49. Kg1 dxc4 50. Re3 Qc1+ 51. Kg2 Qxe3 {Weighted Error Value: White=0.50/Black=0.05 (flawless)} 0-1

[Event "Svetozar Gligoric Masters 2022"]
[Site "Belgrade"]
[Date "2022.07.20"]
[Round "5.2"]
[White "Koustav Chatterjee"]
[Black "Pranav Vijay"]
[Result "1-0"]
[ECO "A13"]
[WhiteElo "2485"]
[BlackElo "2265"]
[Annotator "TA"]
[PlyCount "65"]
[EventDate "2022.07.18"]
[EventCountry "SRB"]
[SourceTitle "playchess.com"]
[Source "ChessBase"]
[SourceQuality "1"]
[TimeControl "40/5400+30:900+30"]

1. Nf3 Nf6 2. c4 e6 3. g3 a6 4. Bg2 b5 5. b3 Bb7 6. Nc3 b4 7. Na4 {A13: English Opening: 1...e6.} Be7 8. O-O O-O 9. Bb2 {White has an edge.} d6 10. d4 Nbd7 11. d5 exd5 12. Nh4 c5 13. cxd5 Re8 14. Re1 {Black is on the road to losing.} Bf8 15. e4 {[#]} g6 $146 ({Predecessor:} 15... Qc7 16. Rc1 Rad8 17. Ba1 a5 18. Nb2 Ne5 19. f4 Ng6 20. Nxg6 hxg6 21. Nc4 Ba6 {1-0 (44) Erdos,V (2658)-Zhigalko,S (2694) Warsaw 2013}) 16. f4 Nh5 17. Qd2 Bh6 18. Qf2 {White is more active.} f6 (18... Bg7 $16) 19. Rad1 Ng7 20. Nf3 a5 21. e5 fxe5 22. fxe5 Nb6 $2 (22... dxe5 {is a better chance.} 23. Nxe5 Rf8) 23. Nxb6 $18 Qxb6 24. g4 Bf4 25. e6 Qc7 26. Re4 Nxe6 27. Rxe6 Rxe6 28. dxe6 {[%cal Of3e5] aiming for Ne5!} d5 {[#]} (28... Rf8 $142 29. Qe2 Qe7) 29. Be5 $1 Bxe5 30. Nxe5 Rf8 31. Nf7 {Threatens to win with Rf1.} d4 32. Qf6 (32. Rf1 $142 Qe7 33. Bxb7 a4 {[#]} 34. Qf4 $1 g5 35. Qe5 $1 Rxf7 36. exf7+ Qxf7 37. Bd5 Qxd5 38. Qe8+ Kg7 39. Qf8+ Kg6 40. Qf6#) 32... Bxg2 33. Qh8# {Weighted Error Value: White=0.09 (flawless) /Black=0.92} 1-0